TOP OF THE 1ST |
Eugene Emeralds batting - Pitching for Tri-City Dust Devils : RHP Chris Pisor
|
Pitching: RHP Chris Pisor
|
|
Batting: RHB Du Kim
|
0-0: Ball 1-0: Foul Ball, location: 2F 1-1: Swinging Strike 1-2: Strikes out swinging
|
Batting: RHB Ricky Ramirez
|
0-0: Called Strike 0-1: Ball 1-1: Called Strike 1-2: SINGLE (Line Drive, 34D, EV 95.6 MPH)
|
Batting: LHB Wing-tat Tai
|
0-0: Ball 1-0: Ball 2-0: Called Strike 2-1: Foul Ball, location: 2F 2-2: Fly out, F9 (Flyball, 9D, EV 100.0 MPH)
|
Batting: RHB Mike Hill
|
0-0: Swinging Strike 0-1: Foul Ball, location: 2F 0-2: Strikes out swinging
|
Top of the 1st over - 0 runs, 1 hit, 0 errors, 1 left on base; Eugene 0 - Tri-City 0 |
BOTTOM OF THE 1ST |
Tri-City Dust Devils batting - Pitching for Eugene Emeralds : RHP Scott Hanson
|
Pitching: RHP Scott Hanson
|
|
Batting: LHB Ramon Vega
|
0-0: Foul Ball, location: 2F 0-1: Ball 1-1: Ball 2-1: Called Strike 2-2: Foul Ball, location: 2F 2-2: Ground out 6-3 (Groundball, 6M, EV 81.2 MPH)
|
Batting: LHB Phil Lerner
|
0-0: Called Strike 0-1: Ball 1-1: Swinging Strike 1-2: Ball 2-2: Foul Ball, location: 2F 2-2: Foul Ball, location: 2F 2-2: Ground out 4-3 (Groundball, 4, EV 91.9 MPH)
|
Batting: RHB Eric McMillian
|
0-0: Foul Ball, location: 2F 0-1: Ball 1-1: Ball 2-1: Called Strike 2-2: Foul Ball, location: 2F 2-2: Fly out, F9 (Line Drive, 9S, EV 91.9 MPH)
|
Bottom of the 1st over - 0 runs, 0 hits, 0 errors, 0 left on base; Eugene 0 - Tri-City 0 |
TOP OF THE 2ND |
Eugene Emeralds batting - Pitching for Tri-City Dust Devils : RHP Chris Pisor
|
Batting: RHB Josh Asch
|
0-0: Called Strike 0-1: Ground out U3 (Groundball, 3S, EV 88.8 MPH)
|
Batting: LHB Emir Jalil
|
0-0: Called Strike 0-1: Ball 1-1: Ball 2-1: Ball 3-1: Ground out 4-3 (Groundball, 4D, EV 88.1 MPH)
|
Batting: RHB Gilberto Alvarado
|
0-0: Swinging Strike 0-1: Ball 1-1: Ball 2-1: Foul Ball, location: 2F 2-2: Ball 3-2: Strikes out swinging
|
Top of the 2nd over - 0 runs, 0 hits, 0 errors, 0 left on base; Eugene 0 - Tri-City 0 |
BOTTOM OF THE 2ND |
Tri-City Dust Devils batting - Pitching for Eugene Emeralds : RHP Scott Hanson
|
Batting: SHB Isaiah Scates
|
0-0: Called Strike 0-1: Ground out 5-3 (Groundball, 5, EV 90.6 MPH)
|
Batting: RHB Hector Fernandez
|
0-0: Foul Ball, location: 2F 0-1: Ball 1-1: Ground out 5-3 (Groundball, 56S, EV 63.8 MPH)
|
Batting: SHB Yutaro Takahashi
|
0-0: Ball 1-0: Called Strike 1-1: Ball 2-1: Ground out 6-3 (Groundball, 6M, EV 83.1 MPH)
|
Bottom of the 2nd over - 0 runs, 0 hits, 0 errors, 0 left on base; Eugene 0 - Tri-City 0 |
TOP OF THE 3RD |
Eugene Emeralds batting - Pitching for Tri-City Dust Devils : RHP Chris Pisor
|
Batting: RHB Jorge Lagunas
|
0-0: Foul Ball, location: 2F 0-1: DOUBLE (Line Drive, 89D, EV 107.5 MPH)
|
Batting: RHB David Bousfield
|
0-0: Called Strike 0-1: Swinging Strike 0-2: Strikes out swinging
|
Batting: RHB Du Kim
|
0-0: Foul Ball, location: 2F 0-1: Ball 1-1: Foul Ball, location: 2F 1-2: Fly out, F6 (Popup, 6D, EV 50.6 MPH)
|
Batting: RHB Ricky Ramirez
|
0-0: Ball 1-0: Called Strike 1-1: Foul Ball, location: 2F 1-2: Ball 2-2: SINGLE (Groundball, 4M, EV 98.8 MPH) Jorge Lagunas to third Runner from 3rd tries for Home, throw by CF and OUT! 8-2
|
Top of the 3rd over - 0 runs, 2 hits, 0 errors, 1 left on base; Eugene 0 - Tri-City 0 |
BOTTOM OF THE 3RD |
Tri-City Dust Devils batting - Pitching for Eugene Emeralds : RHP Scott Hanson
|
Batting: RHB Phil McFadden
|
0-0: Ball 1-0: SINGLE (Groundball, 34D, EV 99.4 MPH)
|
Batting: RHB Max Stillo
|
0-0: Ball 1-0: Ball 2-0: Called Strike 2-1: Ball 3-1: Called Strike 3-2: Strikes out looking
|
Batting: RHB Oren Jones
|
0-0: Ball 1-0: Fielders Choice at 2nd, 5-4 (Groundball, 5, EV 84.4 MPH)
|
Batting: LHB Ramon Vega
|
0-0: Swinging Strike 0-1: Ball 1-1: Reached on error, E3 (Groundball, 3, EV 88.1 MPH) Oren Jones to second
|
Batting: LHB Phil Lerner
|
0-0: Ball 1-0: Ball 2-0: Ball 3-0: Base on Balls Oren Jones to third Ramon Vega to second
|
Batting: RHB Eric McMillian
|
0-0: Swinging Strike 0-1: DOUBLE (Groundball, 5L, EV 101.9 MPH) Oren Jones scores Ramon Vega scores Phil Lerner to third
|
Batting: SHB Isaiah Scates
|
0-0: Called Strike 0-1: Ball 1-1: Swinging Strike 1-2: Ball 2-2: Ball Wild Pitch! Phil Lerner scores Eric McMillian to third 3-2: Foul Ball, location: 2F 3-2: Strikes out swinging
|
Bottom of the 3rd over - 3 runs, 2 hits, 1 error, 1 left on base; Eugene 0 - Tri-City 3 |
TOP OF THE 4TH |
Eugene Emeralds batting - Pitching for Tri-City Dust Devils : RHP Chris Pisor
|
Batting: LHB Wing-tat Tai
|
0-0: Foul Ball, location: 2F 0-1: Called Strike 0-2: Strikes out looking
|
Batting: RHB Mike Hill
|
0-0: Ground out U3 (Groundball, 3S, EV 89.4 MPH)
|
Batting: RHB Josh Asch
|
0-0: Called Strike 0-1: Ball 1-1: Called Strike 1-2: SINGLE (Groundball, 6MS, EV 91.9 MPH) (infield hit)
|
Batting: LHB Emir Jalil
|
0-0: Ball 1-0: Ball 2-0: Called Strike 2-1: Swinging Strike 2-2: Ball 3-2: SINGLE (Groundball, 6MD, EV 105.0 MPH) Josh Asch to second Josh Asch to third
|
Batting: RHB Gilberto Alvarado
|
0-0: Fielders Choice at 2nd, 6-4 (Groundball, 6, EV 93.8 MPH)
|
Top of the 4th over - 0 runs, 2 hits, 0 errors, 2 left on base; Eugene 0 - Tri-City 3 |
BOTTOM OF THE 4TH |
Tri-City Dust Devils batting - Pitching for Eugene Emeralds : RHP Scott Hanson
|
Batting: RHB Hector Fernandez
|
0-0: Foul Ball, location: 2F 0-1: Ball 1-1: Fly out, F8 (Flyball, 8RS, EV 90.6 MPH)
|
Batting: SHB Yutaro Takahashi
|
0-0: Foul Ball, location: 2F 0-1: Ball 1-1: Ground out U3 (Groundball, 3L, EV 76.2 MPH)
|
Batting: RHB Phil McFadden
|
0-0: Called Strike 0-1: Ball 1-1: Ball 2-1: Called Strike 2-2: Strikes out swinging
|
Bottom of the 4th over - 0 runs, 0 hits, 0 errors, 0 left on base; Eugene 0 - Tri-City 3 |
TOP OF THE 5TH |
Eugene Emeralds batting - Pitching for Tri-City Dust Devils : RHP Chris Pisor
|
Pitching: LHP Doug Axelsen
|
|
Batting: RHB Jorge Lagunas
|
0-0: Ball 1-0: Ball 2-0: Swinging Strike 2-1: Ball 3-1: Base on Balls
|
Batting: RHB David Bousfield
|
0-0: Called Strike 0-1: Foul Ball, location: 2F 0-2: Strikes out swinging
|
Batting: RHB Du Kim
|
0-0: Ball 1-0: Swinging Strike 1-1: Ball 2-1: Foul Ball, location: 2F 2-2: Ball 3-2: Foul Ball, location: 2F 3-2: Base on Balls Jorge Lagunas to second
|
Batting: RHB Ricky Ramirez
|
0-0: Ball 1-0: Ball 2-0: DOUBLE (Flyball, 9D, EV 102.5 MPH) Jorge Lagunas scores Du Kim to third
|
Batting: LHB Wing-tat Tai
|
0-0: Ball 1-0: Called Strike 1-1: Foul Ball, location: 2F 1-2: Foul Ball, location: 2F 1-2: Strikes out swinging
|
Pitching: RHP Troy Conners
|
|
Batting: RHB Mike Hill
|
0-0: Called Strike 0-1: Swinging Strike 0-2: Strikes out looking
|
Top of the 5th over - 1 run, 1 hit, 0 errors, 2 left on base; Eugene 1 - Tri-City 3 |
BOTTOM OF THE 5TH |
Tri-City Dust Devils batting - Pitching for Eugene Emeralds : RHP Scott Hanson
|
Batting: RHB Max Stillo
|
0-0: Ball 1-0: Called Strike 1-1: Ball 2-1: Ball 3-1: Called Strike 3-2: Fly out, F8 (Flyball, 8RM, EV 89.4 MPH)
|
Batting: RHB Oren Jones
|
0-0: Fly out, F8 (Flyball, 8LD, EV 108.8 MPH)
|
Batting: LHB Ramon Vega
|
0-0: Ball 1-0: Ground out 6-3 (Groundball, 6, EV 84.4 MPH)
|
Bottom of the 5th over - 0 runs, 0 hits, 0 errors, 0 left on base; Eugene 1 - Tri-City 3 |
TOP OF THE 6TH |
Eugene Emeralds batting - Pitching for Tri-City Dust Devils : RHP Troy Conners
|
Batting: RHB Josh Asch
|
0-0: Ball 1-0: Called Strike 1-1: Called Strike 1-2: Ball 2-2: Ball 3-2: Base on Balls
|
Batting: LHB Emir Jalil
|
0-0: Called Strike 0-1: Called Strike 0-2: Ball 1-2: Strikes out swinging
|
Batting: RHB Gilberto Alvarado
|
0-0: Foul Ball, location: 2F 0-1: Ball 1-1: Called Strike 1-2: Strikes out swinging
|
Batting: RHB Jorge Lagunas
|
0-0: Ball 1-0: Called Strike 1-1: Foul Ball, location: 2F 1-2: Ball 2-2: Strikes out swinging, 2-3 out at first.
|
Top of the 6th over - 0 runs, 0 hits, 0 errors, 1 left on base; Eugene 1 - Tri-City 3 |
BOTTOM OF THE 6TH |
Tri-City Dust Devils batting - Pitching for Eugene Emeralds : RHP Scott Hanson
|
Batting: LHB Phil Lerner
|
0-0: Ball 1-0: SOLO HOME RUN (Line Drive, 9LD, EV 96.2 MPH), Distance : 342 ft
|
Batting: RHB Eric McMillian
|
0-0: Ball 1-0: Ball 2-0: Ball 3-0: Called Strike 3-1: TRIPLE (Flyball, 7LD, EV 94.4 MPH)
|
Batting: SHB Isaiah Scates
|
0-0: Ball 1-0: Ball 2-0: Foul Ball, location: 2F 2-1: Ball 3-1: Foul Ball, location: 2F 3-2: 2-RUN HOME RUN (Flyball, 89XD, EV 100.6 MPH), Distance : 400 ft
|
Pitching: RHP Reginald Bamber
|
|
Batting: RHB Hector Fernandez
|
0-0: Ball 1-0: Called Strike 1-1: Called Strike 1-2: Foul Ball, location: 2F 1-2: Foul Ball, location: 2F 1-2: Ball 2-2: SINGLE (Groundball, 56S, EV 71.2 MPH) (infield hit)
|
Batting: SHB Yutaro Takahashi
|
0-0: Foul Ball, location: 2F 0-1: SINGLE (Groundball, 4D, EV 98.8 MPH) Hector Fernandez to second Runner from 2nd tries for 3rd, SAFE, throw by RF made to third
|
Batting: RHB Phil McFadden
|
0-0: Ball Yutaro Takahashi steals 2nd base 1-0: Ground out 3-1 (Groundball, 34, EV 102.5 MPH) Hector Fernandez scores Yutaro Takahashi to third
|
Batting: RHB Max Stillo
|
0-0: Called Strike 0-1: Ball 1-1: Ball 2-1: 2-RUN HOME RUN (Flyball, 7D, EV 96.9 MPH), Distance : 351 ft
|
Batting: RHB Oren Jones
|
0-0: Foul Ball, location: 2F 0-1: Ball 1-1: Ball 2-1: Foul Ball, location: 2F 2-2: Foul Ball, location: 2F 2-2: Strikes out swinging
|
Batting: LHB Ramon Vega
|
0-0: Ball 1-0: Ball 2-0: Ball 3-0: Base on Balls
|
Pitching: LHP Jose Gutierres
|
|
Batting: LHB Phil Lerner
|
0-0: Ball 1-0: Fly out, F6 (Popup, 6, EV 71.2 MPH)
|
Bottom of the 6th over - 6 runs, 6 hits, 0 errors, 1 left on base; Eugene 1 - Tri-City 9 |
TOP OF THE 7TH |
Eugene Emeralds batting - Pitching for Tri-City Dust Devils : RHP Troy Conners
|
Pinch Hitting: RHB Dan Orozco
|
0-0: Called Strike 0-1: Foul Ball, location: 2F 0-2: Ball 1-2: Strikes out looking
|
Batting: RHB Du Kim
|
0-0: Ball 1-0: Ball 2-0: Foul Ball, location: 2F 2-1: Foul Ball, location: 2F 2-2: Strikes out swinging
|
Batting: RHB Ricky Ramirez
|
0-0: Foul Ball, location: 2F 0-1: Fly out, F9 (Flyball, 9LS, EV 86.9 MPH)
|
Top of the 7th over - 0 runs, 0 hits, 0 errors, 0 left on base; Eugene 1 - Tri-City 9 |
BOTTOM OF THE 7TH |
Tri-City Dust Devils batting - Pitching for Eugene Emeralds : LHP Jose Gutierres
|
Now at SS: Dan Orozco
|
|
Pinch Hitting: RHB Shane Bruce
|
0-0: Ball 1-0: Ball 2-0: Ball 3-0: Called Strike 3-1: DOUBLE (Groundball, 5L, EV 100.6 MPH)
|
Batting: SHB Isaiah Scates
|
0-0: Ball 1-0: Called Strike 1-1: Ball 2-1: Ball 3-1: Base on Balls
|
Batting: RHB Hector Fernandez
|
0-0: Called Strike 0-1: Ball 1-1: Ball 2-1: Foul Ball, location: 2F 2-2: Ball 3-2: Strikes out swinging
|
Batting: SHB Yutaro Takahashi
|
0-0: Ball 1-0: Called Strike 1-1: Swinging Strike 1-2: Strikes out swinging
|
Pitching: RHP Francisco Landin
|
|
Batting: RHB Phil McFadden
|
0-0: Ball 1-0: Ground out 6-3 (Groundball, P, EV 85.6 MPH)
|
Bottom of the 7th over - 0 runs, 1 hit, 0 errors, 2 left on base; Eugene 1 - Tri-City 9 |
TOP OF THE 8TH |
Eugene Emeralds batting - Pitching for Tri-City Dust Devils : RHP Troy Conners
|
Pitching: RHP David Koski
|
|
Now at 2B: Max Stillo
|
|
Now at 3B: Shane Bruce
|
|
Batting: LHB Wing-tat Tai
|
0-0: Foul Ball, location: 2F 0-1: Swinging Strike 0-2: Ball 1-2: Fly out, F4 (Popup, 34D, EV 55.0 MPH)
|
Batting: RHB Mike Hill
|
0-0: Ball 1-0: Ball 2-0: Ball 3-0: Called Strike 3-1: Foul Ball, location: 2F 3-2: Fly out, F4 (Popup, 3S, EV 86.2 MPH)
|
Batting: RHB Josh Asch
|
0-0: Ball 1-0: Swinging Strike 1-1: TRIPLE (Flyball, 7LD, EV 100.0 MPH)
|
Batting: LHB Emir Jalil
|
0-0: Called Strike 0-1: Ball 1-1: Ball 2-1: Called Strike 2-2: Strikes out swinging
|
Top of the 8th over - 0 runs, 1 hit, 0 errors, 1 left on base; Eugene 1 - Tri-City 9 |
BOTTOM OF THE 8TH |
Tri-City Dust Devils batting - Pitching for Eugene Emeralds : RHP Francisco Landin
|
Batting: RHB Max Stillo
|
0-0: Ball 1-0: Ball 2-0: Ball 3-0: Base on Balls
|
Batting: RHB Oren Jones
|
0-0: Foul Ball, location: 2F 0-1: Ball 1-1: Swinging Strike 1-2: Foul Ball, location: 2F 1-2: Ball 2-2: Ball 3-2: Foul Ball, location: 2F 3-2: Base on Balls Max Stillo to second
|
Batting: LHB Ramon Vega
|
0-0: Called Strike 0-1: Ball 1-1: SINGLE (Groundball, 5D, EV 101.2 MPH) Max Stillo to third Oren Jones to second
|
Batting: LHB Phil Lerner
|
0-0: Ball 1-0: Called Strike 1-1: Swinging Strike 1-2: Foul Ball, location: 2F 1-2: Foul Ball, location: 2F 1-2: Fielders Choice at 2nd, 6-4 (Groundball, 6M, EV 87.5 MPH) Max Stillo scores Oren Jones to third
|
Pitching: RHP Brian Jarrett
|
|
Batting: RHB Shane Bruce
|
0-0: Called Strike 0-1: Ball 1-1: Called Strike 1-2: Foul Ball, location: 2F 1-2: Ball 2-2: Foul Ball, location: 2F 2-2: Fly out, F9 (Flyball, 9D, EV 97.5 MPH)
|
Batting: SHB Isaiah Scates
|
0-0: Ball 1-0: Swinging Strike 1-1: Fielders Choice at 2nd, U6 (Groundball, 6M, EV 88.8 MPH)
|
Bottom of the 8th over - 1 run, 1 hit, 0 errors, 2 left on base; Eugene 1 - Tri-City 10 |
TOP OF THE 9TH |
Eugene Emeralds batting - Pitching for Tri-City Dust Devils : RHP David Koski
|
Batting: RHB Gilberto Alvarado
|
0-0: Ball 1-0: Foul Ball, location: 2F 1-1: Swinging Strike 1-2: Foul Ball, location: 2F 1-2: Ball 2-2: Strikes out swinging
|
Batting: RHB Jorge Lagunas
|
0-0: Ball 1-0: Ball 2-0: Called Strike 2-1: Called Strike 2-2: Foul Ball, location: 2F 2-2: Foul Ball, location: 2F 2-2: Strikes out swinging
|
Pinch Hitting: RHB Bill Holmes
|
0-0: Ball 1-0: Fly out, F8 (Flyball, 8RXD, EV 106.9 MPH)
|
Top of the 9th over - 0 runs, 0 hits, 0 errors, 0 left on base; Eugene 1 - Tri-City 10 |
|